 Dungeon Crawl Stone Soup version 0.30-a0-365-ge7f957f1db (webtiles) character file.

Game seed: 13347567731600501046

93 leviel the Trooper (level 4, 0/41 HPs)
             Began as a Hill Orc Fighter on Nov 18, 2022.
             Slain by an orc wizard
             ... wielding a +0 dagger
              (3 damage)
             ... on level 3 of the Dungeon.
             The game lasted 00:01:22 (2080 turns).

leviel the Trooper (Hill Orc Fighter)               Turns: 2080, Time: 00:01:23

Health: 0/41       AC:  7    Str: 20    XL:     4   Next: 61%
Magic:  4/4        EV:  9    Int:  8    God:
Gold:   71         SH:  4    Dex: 10    Spells: 3/3 levels left

rFire   . . .      SeeInvis .    a - +0 war axe
rCold   . . .      Faith    .    c - +0 buckler
rNeg    + . .      Spirit   .    b - +0 scale mail
rPois   .          Reflect  .    (no helmet)
rElec   .          Harm     .    (no cloak)
rCorr   .          Rampage  .    (no gloves)
Will    .....                    (no boots)
Stlth   ..........               (no amulet)
HPRegen 0.26/turn                e - ring of positive energy
MPRegen 0.09/turn                (no ring)

@: no status effects
A: no striking features
a: no special abilities


You were on level 3 of the Dungeon.
You visited 1 branch of the dungeon, and saw 3 of its levels.

You collected 71 gold pieces.

Inventory:

Hand Weapons
 a - a +0 war axe (weapon)
Armour
 b - a +0 scale mail (worn)
 c - a +0 buckler (worn)
Jewellery
 e - a ring of positive energy (left hand)
 p - a ring of resist corrosion
Scrolls
 f - 2 scrolls of identify {unknown}
 l - a scroll of noise {unknown}
 m - a scroll of enchant weapon {unknown}
 n - a scroll of enchant armour {unknown}
 o - 3 scrolls of acquirement {unknown}
Potions
 d - a potion of might
 g - a potion of degeneration {unknown}
 h - a potion of curing {unknown}
 i - a potion of berserk rage {unknown}
 j - a potion of invisibility {unknown}
 k - a potion of brilliance {unknown}


   Skills:
 + Level 4.4 Fighting
 * Level 4.0 Axes
 + Level 4.0 Armour
 + Level 4.0 Shields


You had 3 spell levels left.
You didn't know any spells.
Your spell library contained the following spells:

 Spells                   Type           Power      Damage    Failure   Level
 Freeze                   Ice            0%         1d3       85%         1
 Magic Dart               Conj           0%         1d3       85%         1
 Searing Ray              Conj           0%         2d4       94%         2
 Frozen Ramparts          Ice            0%         1d1       99%         3
 Hailstorm                Conj/Ice       0%         3d3       99%         3
 Fulminant Prism          Conj/Hex       0%         3d5       100%        4


Dungeon Overview and Level Annotations

Branches:
Dungeon (3/15)

Altars:


Message History

You are too injured to fight recklessly!
You slash the orc priest!
You kill the orc priest!
You closely miss something. You barely miss the orc.
The orc hits you with a +0 hand axe. Something hits you but does no damage.
Your Axes skill increases to level 4!
Your Armour skill increases to level 4!
The orc hits you but does no damage. Something hits you but does no damage.
Things that are here:
a +0 hand axe; a +0 leather armour; an orc corpse You hit the orc.
The orc is moderately wounded.
You barely miss something. The orc hits you but does no damage.
You hear some strange, mumbled words.
Something tries to affect you, but you resist.
You barely miss the orc.
The orc is moderately wounded.
You closely miss something. Something hits you. The orc closely misses you.
Something hits you but does no damage. The orc hits you but does no damage.
You slash the orc!
You kill the orc!
You barely miss something. Something hits you but does no damage.
Your Shields skill increases to level 4!
You miss something. Something hits you.
You barely miss something. Something hits you but does no damage.
Something hits you.
You miss something. Something hits you.
* * * LOW HITPOINT WARNING * * *
You closely miss something. Something hits you but does no damage.
You closely miss something. Something hits you but does no damage.
Something hits you.
* * * LOW HITPOINT WARNING * * *
You miss something. Something hits you.
* * * LOW HITPOINT WARNING * * *
You completely miss something.
You hear some strange, mumbled words.
A magic dart appears from out of thin air!
The magic dart hits you!
* * * LOW HITPOINT WARNING * * *
You hit something. Something hits you but does no damage. Something hits you.
You die...

######
###....#
.......+
#....##
#....<#
#...@.#
#...{)#
#.....#
#$....#
#######


There were no monsters in sight!

Vanquished Creatures
  An orc priest (D:3)
  A gnoll (D:1)
  An adder (D:2)
  A dart slug (D:1)
  2 orcs (D:3)
  5 endoplasms
  3 giant cockroaches
  A goblin (D:1)
  3 hobgoblins
  4 jackals (D:1)
  3 kobolds
  2 quokkas (D:2)
  4 ball pythons
  5 bats
  2 frilled lizards (D:1)
  4 rats (D:1)
42 creatures vanquished.

Vanquished Creatures (others)
  3 plants (D:1)
3 creatures vanquished.

Grand Total: 45 creatures vanquished

Notes
Turn   | Place    | Note
-------+----------+-------------------------------------------
     0 | D:1      | leviel the Hill Orc Fighter began the quest for the Orb.
     0 | D:1      | Reached XP level 1. HP: 19/19 MP: 1/1
    21 | D:1      | Reached XP level 2. HP: 18/27 MP: 2/2
   411 | D:1      | Reached XP level 3. HP: 20/33 MP: 3/3
  1312 | D:2      | Identified the +1 pair of gloves of the Ditch-Digger {rN+
                  | rCorr Int+4}
  1657 | D:2      | Reached XP level 4. HP: 40/40 MP: 4/4
  2079 | D:3      | HP: 2/41 [something/magic dart (8)]
  2080 | D:3      | Slain by an orc wizard

Illustrated notes

Levels and vault maps discovered:
D:1:      dpeg_arrival_houses_and_road, layout_basic, nicolae_grassy_gnolls
D:2:      layout_loops_corners, serial_bayou_pond_e
D:3:      layout_basic, overflow_temple_1_default, serial_shops, shop,
          columned_hall_lemuel

Skill      XL: |  1  2  3  4 |
---------------+-------------+-----
Axes           | 3 4 |  4.0
Fighting       | 4 |  4.4
Armour         | 4 |  4.0
Shields        | 4 |  4.0

Action                   |  1- 3 |  4- 6 || total
-------------------------+-------+-------++-------
Melee: War axe           |    91 |    28 ||   119
Armor: Scale mail        |    52 |    23 ||    75
Dodge: Dodged            |    62 |    14 ||    76
Block: Buckler           |    24 |     4 ||    28

Table legend: (Time is in decaauts)
 A = Elapsed time spent in this place.
 B = Non-inter-level travel time spent in this place.
 C = Inter-level travel time spent in this place.
 D = Time resting spent in this place.
 E = Time spent auto-exploring this place.
 F = Levels seen in this place.
 G = Mean time per level.
                   A        B        C        D        E       F      G
               +--------+--------+--------+--------+--------+-----+--------+
         Total |   2123 |   2033 |     90 |      0 |   1754 |   3 |  707.7 |
       Dungeon |   2123 |   2033 |     90 |      0 |   1754 |   3 |  707.7 |
               +--------+--------+--------+--------+--------+-----+--------+

Top non-repeatable levels by time:
     D:1: 1266 daAuts
     D:2: 834 daAuts
     D:3: 22 daAuts
